 Dungeon Crawl Stone Soup version 0.31-a0-145-g046c7d2549 (webtiles) character file.

Game seed: 1373070858958780577

121 jasper the Stinger (level 4, 0/21 HPs)
             Began as a Spriggan Venom Mage on June 6, 2023.
             Slain by a gnoll bouda
             ... wielding a +0 whip
              (13 damage)
             ... on level 4 of the Dungeon.
             The game lasted 00:05:09 (3009 turns).

jasper the Stinger (Spriggan Venom Mage)            Turns: 3009, Time: 00:05:10

Health: 0/21       AC:  2    Str:  4    XL:     4   Next: 76%
Magic:  9/9        EV: 14    Int: 22    God:
Gold:   154        SH:  0    Dex: 15    Spells: 3/9 levels left

rFire   + . .        d - +0 short sword
rCold   + . .        (no shield)
rNeg    . . .        a - +0 robe
rPois   +            (helmet restricted)
rElec   .            (no cloak)
rCorr   .            (gloves unavailable)
SInv    +            (boots unavailable)
Will    .....        g - amulet of magic regeneration
Stlth   ++           n - +5 ring of evasion
HPRegen 0.23/turn    h - ring "Jikhlaese" {rPois rF+ rC+ Int+4}
MPRegen 0.51/turn

%: no passive effects
@: held, very quick
A: very small, no large weapons, unfitting armour, see invisible, speed 3
a: no special abilities


You were on level 4 of the Dungeon.
You visited 1 branch of the dungeon, and saw 4 of its levels.

You collected 154 gold pieces.

Inventory:

Hand Weapons
 c - a +0 dagger
 d - a +0 short sword (weapon)
Missiles
 e - 39 stones
Armour
 a - a +0 robe (worn)
Magical Staves
 j - a staff of fire
Jewellery
 g - an amulet of magic regeneration (around neck)
 h - the ring "Jikhlaese" (right hand) {rPois rF+ rC+ Int+4}
   (You found it on level 3 of the Dungeon)

   [ring of protection from cold]

   Int:       It affects your intelligence (+4).
   rF:        It protects you from fire.
   rC:        It protects you from cold.
   rPois:     It protects you from poison.
 k - an amulet of regeneration
 n - a +5 ring of evasion (left hand)
Potions
 b - a potion of magic
 f - a potion of heal wounds
 l - a potion of attraction {unknown}


   Skills:
 - Level 2.6 Dodging
 - Level 3.0 Stealth
 - Level 3.0 Spellcasting
 - Level 1.3 Transmutations
 + Level 5.4 Poison Magic


You had 3 spell levels left.
You knew the following spells:

 Your Spells              Type           Power      Damage    Failure   Level
a - Sting                 Tmut/Pois      72%        1d6       3%          1
b - Poisonous Vapours     Pois/Air       30%        N/A       6%          2
c - Mephitic Cloud        Conj/Pois/Air  11%        N/A       19%         3

Your spell library contained the following spells:

 Spells                   Type           Power      Damage    Failure   Level
 Magic Dart               Conj           12%        1d3       12%         1
 Call Imp                 Summ           6%         N/A       19%         2
 Olgreb's Toxic Radiance  Pois           27%        N/A       13%         4


Dungeon Overview and Level Annotations

Branches:
Dungeon (4/15)
 Temple: D:4-7

Altars:

Shops:
D:1 [


Innate Abilities, Weirdness & Mutations

You are very small and have problems with some larger weapons.
You are too small for most types of armour.
You have supernaturally acute eyesight. (SInv)
You cover ground extremely quickly. (Speed+++)


Message History

Aiming: Sting (safe; 3% risk of failure)
Press: ? - help, Q - select action, (/) - cycle Shift-Dir - straight line, f/p - adder
Aim: an adder (almost dead, extremely poisoned, 57% to hit)
The sting hits the adder.
The adder looks as sick as possible!
You kill the adder!
You now have 3/9 mp.
i - a scroll labelled NEXUIG XIVVYE
Things that are here:
a +0 club; a gnoll corpse Health restored: 21; MP restored: 9 You now have 154 gold pieces (gained 10).
Things that are here:
a +0 club; a goblin corpse Done exploring.
Done exploring.
Done exploring.
As you read the scroll labelled NEXUIG XIVVYE, it crumbles to dust.
You feel strangely unstable.
It was a scroll of teleportation.
You start waiting.
Your surroundings suddenly seem different.
There is a stone staircase leading down here.
You climb downwards.
You hear the sound of rushing water.
There is an entrance to a sewer on this level.
Hurry and find it before the portal rusts away!
The hound barks!
The gnoll shouts!
Found 4 stones.
There is a stone staircase leading up here.
The gnoll throws a throwing net.
The throwing net hits you.
You become entangled in the net!
You stop ascending the stairs.
You struggle against the net.
The gnoll shouts!
The gnoll bouda barks out a call to the hunt!
The gnolls pick up the pace!
You struggle against the net.
You struggle against the net.
You struggle against the net.
The gnoll hits you with a +0 club! The gnoll closely misses you.
The gnoll bouda hits you with a +0 whip!
Ouch! That really hurt!
You die...

#.#....(
......#
......#
.....#
#.g..#
gg..#


#ggh# #@# #..# #.## #. #. #. #. #. You could see a gnoll bouda, a hound and 4
gnolls.

Vanquished Creatures
  3 gnolls (D:3)
  2 adders
  An orc (D:3)
  6 bats
  6 endoplasms
  5 giant cockroaches
  6 goblins
  4 hobgoblins
  9 jackals
  A quokka (D:3)
  7 ball pythons
  2 frilled lizards
  9 kobolds
  7 rats
68 creatures vanquished.

Notes
Turn   | Place    | Note
-------+----------+-------------------------------------------
     0 | D:1      | jasper the Spriggan Venom Mage began the quest for the Orb.
     0 | D:1      | Reached XP level 1. HP: 9/9 MP: 5/5
   205 | D:1      | Found Anoymmy Ojidd's Armour Emporium.
   364 | D:1      | Reached XP level 2. HP: 13/13 MP: 4/7
   924 | D:2      | Learned a level 2 spell: Poisonous Vapours
  1002 | D:1      | Reached skill level 4 in Poison Magic
  1141 | D:2      | Reached XP level 3. HP: 16/16 MP: 2/8
  1145 | D:2      | Learned a level 3 spell: Mephitic Cloud
  2563 | D:3      | Reached XP level 4. HP: 21/21 MP: 5/9
  2622 | D:3      | Reached skill level 5 in Poison Magic
  2810 | D:3      | Identified the ring "Jikhlaese" {rPois rF+ rC+ Int+4}
  3009 | D:4      | Slain by a gnoll bouda

Illustrated notes

Levels and vault maps discovered:
D:1:      spicycebolla_green_bress_n_ham_2, layout_basic, serial_shops, shop,
          minmay_crystal_water
D:2:      layout_basic, kennysheep_generic_room_11
D:3:      layout_rooms
D:4:      minmay_chambers_of_threes, layout_loops_ring, zin_treasury,
          minmay_temple_entry_hall, portal_sewer_entry_e, gammafunk_ghost_split,
          uniq_pargi

Skill      XL: |  1  2  3  4 |
---------------+-------------+-----
Spellcasting   | 3 |  3.0
Poison Magic   | 4 5 |  5.4
Dodging        | |  2.6
Stealth        | |  3.0
Transmutations | |  1.3

Action                     |  1- 3 |  4- 6 || total
---------------------------+-------+-------++-------
  Melee: Short sword       |    16 |     5 ||    21
   Cast: Sting             |    87 |    19 ||   106
         Poisonous Vapours |    26 |    18 ||    44
    Use: Scroll            |     4 |     1 ||     5
 Armour: Robe              |     5 |     2 ||     7
  Dodge: Dodged            |    39 |    12 ||    51

Table legend: (Time is in decaauts)
 A = Elapsed time spent in this place.
 B = Non-inter-level travel time spent in this place.
 C = Inter-level travel time spent in this place.
 D = Time resting spent in this place.
 E = Time spent auto-exploring this place.
 F = Levels seen in this place.
 G = Mean time per level.
                   A        B        C        D        E       F      G
               +--------+--------+--------+--------+--------+-----+--------+
         Total |   2418 |   2382 |     36 |    107 |   1859 |   4 |  604.5 |
       Dungeon |   2418 |   2382 |     36 |    107 |   1859 |   4 |  604.5 |
               +--------+--------+--------+--------+--------+-----+--------+

Top non-repeatable levels by time:
     D:2: 1020 daAuts
     D:1: 809 daAuts
     D:3: 583 daAuts
     D:4: 4 daAuts
